 Dungeon Crawl Stone Soup version 0.32-a0-779-g362cfcae2a (webtiles) character file.

Game seed: 13769039440064092554

115 TheMeInTeam the Cutter (level 5, -5/41 HPs)
             Began as a Coglin Reaver on Mar 19, 2024.
             Was an Initiate of Wu Jian.
             Killed by an exploding giant cockroach (12 damage)
             ... ignited by their inner flame
             ... on level 2 of the Dungeon.
             The game lasted 00:08:54 (2470 turns).

TheMeInTeam the Cutter (Coglin Reaver)              Turns: 2470, Time: 00:08:54

Health: -5/41      AC:  5    Str: 12    XL:     5   Next: 0%
Magic:  7/7        EV:  9    Int: 13    God:    Wu Jian [......]
Gold:   16         SH:  0    Dex: 14    Spells: 6/7 levels left

rFire   + . .        a - +0 short sword {José}
rCold   + . .        h - +0 short sword {Akal}
rNeg    . . .        f - +0 ring mail
rPois   +            (no helmet)
rElec   +            (no cloak)
rCorr   +            (no gloves)
SInv    .            (no boots)
Will    .....        (amulet unavailable)
Stlth   +            (ring unavailable)
HPRegen 0.26/turn    (ring unavailable)
MPRegen 0.10/turn    (no gizmo)

%: no passive effects
@: resistant, revving
A: off-hand wielding, slow wielding, warmup strikes, no jewellery
a: Invent Gizmo, Renounce Religion


You were on level 2 of the Dungeon.
You worshipped Wu Jian.
Wu Jian was noncommittal.
You visited 1 branch of the dungeon, and saw 3 of its levels.

You collected 88 gold pieces.
You spent 72 gold pieces at shops.

Inventory:

Hand Weapons
 a - a +0 short sword (weapon) {José}
 h - a +0 short sword (offhand) {Akal}
Armour
 f - a +0 ring mail (worn)
Scrolls
 d - 2 scrolls of vulnerability
 g - a scroll of amnesia {unknown}
 i - a scroll of revelation {unknown}
Potions
 c - a potion of attraction
 e - a potion of resistance
 k - a potion of lignification


   Skills:
 * Level 3.4 Fighting
 * Level 3.8 Short Blades
 - Level 1.7 Dodging
 + Level 1.5 Stealth
 - Level 1.7 Spellcasting
 - Level 2.6 Conjurations


You had 6 spell levels left.
You knew the following spells:

 Your Spells              Type           Power      Damage    Failure   Level
f - Kiss of Death         Conj/Necr      16%        2d6       34%         1

Your spell library contained the following spells:

 Spells                   Type           Power      Damage    Failure   Level
 Momentum Strike          Conj/Tloc      8%         3d8       45%         2
 Hailstorm                Conj/Ice       4%         3d5       71%         3
 Frozen Ramparts          Ice            2%         1d1       87%         3
 Ozocubu's Armour         Ice            1%         N/A       87%         3
 Metabolic Englaciation   Hex/Ice        0%         N/A       100%        5


Dungeon Overview and Level Annotations

Branches:
Dungeon (3/15)

Altars:
Ru
Wu Jian

Shops:
D:1 ?   D:2 !

Annotations:
D:2 Robin


Innate Abilities, Weirdness & Mutations

You can wield a second weapon in your off-hand.
It takes a long time for you to wield or remove held weapons.
Your first few attacks do less damage.
You cannot equip rings or amulets.


Message History

You hit Jessica with your +0 short sword.
Jessica hits you with a +0 dagger.
You hit Jessica with your +0 short sword.
You kill Jessica!
The Council accepts your kill.
Things that are here:
a +0 dagger; a +0 robe You start resting.
HP restored.
j - a scroll of identify
As you read the scroll of identify, it crumbles to dust.
c - a potion of attraction
Found Umarap's Distillery.
There is an entrance to Umarap's Distillery here.
j - a potion of curing;
k - a potion of lignification Thank you for shopping at Umarap's Distillery!
You can access your shopping list by pressing '$'.
There is an entrance to Umarap's Distillery here.
Found a dagger.
You start waiting.
A goblin is nearby!
The goblin hits you with a +0 club.
You closely miss the goblin with your +0 short sword. x2
The goblin barely misses you.
You barely miss the goblin with your +0 short sword.
You closely miss the goblin with your +0 short sword.
You hit the goblin with your +0 short sword.
The goblin is heavily wounded.
You closely miss the goblin with your +0 short sword.
The goblin misses you.
You hit the goblin with your +0 short sword.
You kill the goblin!
The Council accepts your kill.
No target in view!
You see here a +0 club.
You see here a +0 club.
HP restored.
There is a stone staircase leading down here.
You climb downwards.
Found a leather armour.
There is a stone staircase leading up here.
The giant cockroach waves its antennae.
You hit the giant cockroach with your +0 short sword.
The giant cockroach is moderately wounded.
You hit the giant cockroach with your +0 short sword.
The giant cockroach bites you.
You closely miss the giant cockroach with your +0 short sword.
The giant cockroach is heavily wounded.
You barely miss the giant cockroach with your +0 short sword.
The giant cockroach bites you but does no damage.
You hit the giant cockroach but do no damage.
The giant cockroach is heavily wounded.
You closely miss the giant cockroach with your +0 short sword.
The giant cockroach barely misses you.
You hit the giant cockroach but do no damage.
The giant cockroach is heavily wounded.
You closely miss the giant cockroach with your +0 short sword.
The giant cockroach bites you.
You closely miss the giant cockroach with your +0 short sword.
The giant cockroach is heavily wounded.
You barely miss the giant cockroach with your +0 short sword.
The giant cockroach bites you but does no damage.
You barely miss the giant cockroach with your +0 short sword.
The giant cockroach is heavily wounded.
You hit the giant cockroach with your +0 short sword.
The giant cockroach barely misses you.
You closely miss the giant cockroach with your +0 short sword.
The giant cockroach is severely wounded.
You closely miss the giant cockroach with your +0 short sword.
The giant cockroach bites you but does no damage.
You completely miss the giant cockroach with your +0 short sword.
The giant cockroach is heavily wounded.
You hit the giant cockroach with your +0 short sword.
The giant cockroach bites you but does no damage.
You hit the giant cockroach with your +0 short sword.
You kill the giant cockroach!
The Council accepts your kill.
Your life force feels restored.
No target in view!
You see here a giant cockroach corpse.
A hobgoblin comes into view.
The hobgoblin shouts!
Found a dagger.
A ball python comes into view.
You see here a giant cockroach corpse.
There is a stone staircase leading up here.
You closely miss the hobgoblin with your +0 short sword.
You hit the hobgoblin with your +0 short sword.
The hobgoblin closely misses you.
You hit the hobgoblin with your +0 short sword.
You kill the hobgoblin!
The Council accepts your kill.
No target in view!
No target in view!
You see here a giant cockroach corpse.
An orc and an orc priest come into view.
The orc shouts!
The orc throws a boomerang.
The boomerang hits you but does no damage.
You see here a giant cockroach corpse.
There is a stone staircase leading up here.
The orc throws a boomerang.
The boomerang hits you.
The orc throws a boomerang.
The boomerang closely misses you.
The orc priest shouts!
You closely miss the ball python with your +0 short sword.
You hit the ball python with your +0 short sword.
You kill the ball python!
The Council accepts your kill.
A goblin comes into view. It is wielding a +0 club.
The orc priest miscasts a cantrip.
The orc grunts loudly.
The goblin shouts!
HP restored.
The orc closely misses you.
You climb upwards.
Level annotation: Robin, Sigmund
There is a stone staircase leading down here.
You closely miss the orc with your +0 short sword.
You hit the orc but do no damage. The orc hits you with a +0 short sword.
You hit the orc but do no damage.
You hit the orc with your +0 short sword.
The orc closely misses you.
You hit the orc with your +0 short sword.
The orc is heavily wounded.
You hit the orc with your +0 short sword.
The orc completely misses you.
You hit the orc with your +0 short sword.
You kill the orc!
The Council accepts your kill.
Okay, then.
Okay, then.
Things that are here:
a +0 short sword; a boomerang; an orc corpse HP restored.
You see here a ball python skeleton.
A goblin comes into view. It is wielding a +0 whip.
The goblin shouts!
You hear a shout! x2
A giant cockroach comes into view.
The giant cockroach barely misses you.
The giant cockroach attacks as it pursues you!
The giant cockroach closely misses you.
Sigmund shouts!
Sigmund gestures at you while chanting.
You are confused.
The giant cockroach closely misses you.
The giant cockroach completely misses you.
You bump into the rock wall.
The giant cockroach closely misses you.
You bump into the rock wall.
The giant cockroach misses you.
You hit the goblin with your +0 short sword.
You kill the goblin!
The Council accepts your kill.
The giant cockroach bites you but does no damage.
Sigmund mumbles some strange words.
Sigmund flickers and vanishes!
Deactivating autopickup; reactivate with Ctrl-A.
You have reached level 5!
The giant cockroach attacks as it pursues you!
The giant cockroach bites you but does no damage.
The giant cockroach bites you.
You bump into the rock wall.
You feel less confused.
The giant cockroach bites you but does no damage.
Something hits you! Space warps around you.
You aren't carrying any items that you can evoke.
Okay, then.
Okay, then.
As you read the scroll labelled JOALAS JOPEGUR, it crumbles to dust.
The creatures around you are filled with an inner flame!
It was a scroll of immolation.
The giant cockroach barely misses you. Something hits you.
Space warps around you.
You aren't carrying any items that you can evoke.
Okay, then.
Okay, then.
The giant cockroach attacks as it pursues you!
The giant cockroach barely misses you.
You aren't carrying any items that you can evoke.
You feel better.
The giant cockroach bites you but does no damage.
The giant cockroach barely misses you.
You feel protected. Something hits you. Space warps around you.
The giant cockroach bites you but does no damage.
You barely miss the giant cockroach with your +0 short sword.
You hit the giant cockroach but do no damage.
The giant cockroach barely misses you.
You hit the giant cockroach with your +0 short sword.
Flame seeps out of the giant cockroach.
The giant cockroach is moderately wounded.
You barely miss the giant cockroach with your +0 short sword.
Something hits you.
* * * LOW HITPOINT WARNING * * *
Space warps around you.
* * * LOW HITPOINT WARNING * * *
The giant cockroach is engulfed in blazing flames.
The Council accepts your kill.
The giant cockroach explodes!
The fiery explosion engulfs something!!
The Council accepts your kill.
Reactivating autopickup.
You feel a bit more experienced. The fiery explosion engulfs you! You resist.
You die...

............g........# #.......#.
###.#...#.#..........###.....#.#.
#.÷..##.#####......)...##.##.#.
#.#####.# #...####.####......
#.......# #.).# #.# ####...
#.####### #...# #.#######.#. #.#
##§## #.)........♣ #.# #○#
########.... #.####### #@####
#..... ###.......### ##....#
##....
....#####...###...#.##########.#.
###.####.....###....##.......####
#.##.......# ###.###.#####.#
#.##.......#####.###.#####.#
#.##..#.................##.#
#.......##.#####÷###.##.##.#
#.##.......###...###.......#


There were no monsters in sight!

Vanquished Creatures
  Sigmund (D:2)
  Jessica (D:2)
  Natasha (D:1)
  2 dart slugs (D:1)
  A ribbon worm (D:2)
  An orc (D:2)
  5 endoplasms
  5 giant cockroaches
  7 goblins
  6 hobgoblins
  4 kobolds
  2 quokkas (D:2)
  9 ball pythons
  4 bats
  2 frilled lizards
  4 rats
55 creatures vanquished.

Notes
Turn   | Place    | Note
-------+----------+-------------------------------------------
     0 | D:1      | TheMeInTeam the Coglin Reaver began the quest for the Orb.
     0 | D:1      | Reached XP level 1. HP: 16/16 MP: 3/3
    27 | D:1      | Found a sacrificial altar of Ru.
   269 | D:1      | Reached XP level 2. HP: 18/22 MP: 4/4
   505 | D:1      | Found Voibb's Magic Scroll Emporium.
   902 | D:1      | Reached XP level 3. HP: 28/28 MP: 5/5
   971 | D:2      | Noticed Natasha
   994 | D:1      | Killed Natasha
   995 | D:1      | Reached skill level 1 in Stealth
  1149 | D:2      | Noticed Sigmund
  1211 | D:2      | Identified the +1 helmet "Ukhlaew" {Rampage rCorr Int+2
                  | Dex-2}
  1211 | D:2      | Noticed Robin
  1224 | D:1      | Reached XP level 4. HP: 28/30 MP: 6/6
  1369 | D:2      | Found an ornate altar of the Wu Jian Council.
  1379 | D:2      | Became a worshipper of the Wu Jian Council
  1602 | D:2      | Noticed Jessica
  2185 | D:2      | Killed Jessica
  2256 | D:2      | Found Umarap's Distillery.
  2264 | D:2      | Bought a potion of curing for 36 gold pieces
  2264 | D:2      | Bought a potion of lignification for 36 gold pieces
  2462 | D:2      | Reached XP level 5. HP: 41/41 MP: 7/7
  2470 | D:2      | Killed Sigmund
  2470 | D:2      | Killed by an exploding giant cockroach... ignited by their
                  | inner flame

Illustrated notes

Levels and vault maps discovered:
D:1:      dpeg_arrival_lava_altar, layout_basic, serial_shops,
          nicolae_shop_rolled_up
D:2:      layout_loops_cross, basic_altar, serial_shops, nicolae_shop_trees,
          uniq_robin, uniq_jessica, uniq_natasha, uniq_sigmund
D:3:      layout_loops_ring, hellmonk_okawaru_the_only_friend_you_need,
          xom_butterflies, hellmonk_ecumenical_altar_run_dry, serial_shops,
          nicolae_shop_pleasant_corner_grove, kennysheep_generic_room_6

Skill      XL: |  1  2  3 |
---------------+----------+-----
Short Blades   | 3 |  3.8
Fighting       | 3 |  3.4
Stealth        | 1 |  1.5
Dodging        | |  1.7
Spellcasting   | |  1.7
Conjurations   | |  2.6

Action                     |  1- 3 |  4- 6 || total
---------------------------+-------+-------++-------
  Melee: Short sword       |    87 |    92 ||   179
         Dagger            |    81 |    36 ||   117
   Cast: Kiss of Death     |     2 |       ||     2
Ability: Lunge             |       |     3 ||     3
    Use: Scroll            |     2 |     2 ||     4
         Potion            |       |     2 ||     2
 Armour: Leather armour    |     8 |       ||     8
         Ring mail         |    51 |    45 ||    96
  Dodge: Dodged            |    48 |    44 ||    92

Table legend: (Time is in decaauts)
 A = Elapsed time spent in this place.
 B = Non-inter-level travel time spent in this place.
 C = Inter-level travel time spent in this place.
 D = Time resting spent in this place.
 E = Time spent auto-exploring this place.
 F = Levels seen in this place.
 G = Mean time per level.
                   A        B        C        D        E       F      G
               +--------+--------+--------+--------+--------+-----+--------+
         Total |   2460 |   2210 |    250 |    436 |    835 |   3 |  820.0 |
       Dungeon |   2460 |   2210 |    250 |    436 |    835 |   3 |  820.0 |
               +--------+--------+--------+--------+--------+-----+--------+

Top non-repeatable levels by time:
     D:2: 1382 daAuts
     D:1: 1042 daAuts
     D:3: 34 daAuts
